PBL
TIJUANA TOROS @ MADISON BREWERS
09/24/2047
 
TOP OF THE 1ST
Tijuana Toros batting - Pitching for Madison Brewers : LHP Gil Sanchez
Pitching: LHP Gil Sanchez
Batting: RHB Carlos Gonzalez 0-0: Ball
1-0: Fly out, F7 (Flyball, 7D, EV 93.8 MPH)
Batting: RHB Guo Kwok 0-0: Fly out, F8 (Line Drive, 8RD, EV 90.0 MPH)
Batting: RHB John Hanson 0-0: Foul Ball, location: 2F
0-1: Ball
1-1: Ball
2-1: Ball
3-1: Ground out 4-3 (Groundball, 4, EV 86.2 MPH)
Top of the 1st over - 0 runs, 0 hits, 0 errors, 0 left on base; Tijuana 0 - Madison 0
BOTTOM OF THE 1ST
Madison Brewers batting - Pitching for Tijuana Toros : LHP Adrian Huerta
Pitching: LHP Adrian Huerta
Batting: LHB Andy Buschlen 0-0: Foul Ball, location: 2F
0-1: Foul Ball, location: 2F
0-2: Ball
1-2: Strikes out swinging
Batting: RHB Malcolm McCauley 0-0: Ball
1-0: Ball
2-0: Ball
3-0: Base on Balls
Batting: LHB Bill Kovac 0-0: Ball
1-0: Foul Ball, location: 2F
1-1: Swinging Strike
1-2: Strikes out looking
Batting: RHB Frank Pena 0-0: Ball
1-0: Foul Ball, location: 2F
1-1: Foul Ball, location: 2F
1-2: Strikes out swinging
Bottom of the 1st over - 0 runs, 0 hits, 0 errors, 1 left on base; Tijuana 0 - Madison 0
TOP OF THE 2ND
Tijuana Toros batting - Pitching for Madison Brewers : LHP Gil Sanchez
Batting: RHB Felipe Rivera 0-0: Foul Ball, location: 2F
0-1: Foul Ball, location: 2F
0-2: SINGLE (Groundball, 6MD, EV 95.0 MPH)
Batting: RHB Yok-sing Zhào 0-0: Ball
Felipe Rivera is caught stealing 2nd base 2-4
1-0: Called Strike
1-1: SINGLE (Groundball, 56D, EV 94.4 MPH)
Batting: RHB Alex Diaz 0-0: Swinging Strike
0-1: Ball
1-1: Grounds into double play, 5-4-3 (Groundball, 56, EV 85.0 MPH)
Top of the 2nd over - 0 runs, 2 hits, 0 errors, 0 left on base; Tijuana 0 - Madison 0
BOTTOM OF THE 2ND
Madison Brewers batting - Pitching for Tijuana Toros : LHP Adrian Huerta
Batting: LHB Tony Hasbun 0-0: Ball
1-0: Called Strike
1-1: Ball
2-1: Fly out, F7 (Flyball, 7LS, EV 88.8 MPH)
Batting: RHB Xiao-shuang Au 0-0: Ball
1-0: Ground out 6-3 (Groundball, 6M, EV 103.8 MPH)
Batting: LHB Jesus Huante 0-0: Called Strike
0-1: Called Strike
0-2: Ball
1-2: Fly out, F8 (Flyball, 8RD, EV 88.1 MPH)
Bottom of the 2nd over - 0 runs, 0 hits, 0 errors, 0 left on base; Tijuana 0 - Madison 0
TOP OF THE 3RD
Tijuana Toros batting - Pitching for Madison Brewers : LHP Gil Sanchez
Batting: SHB Erick Hamburger 0-0: Foul Ball, location: 2F
0-1: Ball
1-1: Bunted foul
1-2: Strikes out swinging
Batting: RHB Mario Diaz 0-0: Ball
1-0: Called Strike
1-1: Ball
2-1: Foul Ball, location: 2F
2-2: Foul Ball, location: 2F
2-2: Strikes out looking
Batting: RHB Guillermo Puente 0-0: Called Strike
0-1: Foul Ball, location: 2F
0-2: Ball
1-2: Ball
2-2: Strikes out swinging
Top of the 3rd over - 0 runs, 0 hits, 0 errors, 0 left on base; Tijuana 0 - Madison 0
BOTTOM OF THE 3RD
Madison Brewers batting - Pitching for Tijuana Toros : LHP Adrian Huerta
Batting: RHB Fernando Mejia 0-0: Called Strike
0-1: Foul Ball, location: 2F
0-2: Foul Ball, location: 2F
0-2: Strikes out swinging
Batting: RHB Gil Sanchez 0-0: Fly out, F7 (Flyball, 7S, EV 94.4 MPH)
Batting: LHB Andy Buschlen 0-0: Ball
1-0: Called Strike
1-1: Ball
2-1: Called Strike
2-2: Strikes out swinging
Bottom of the 3rd over - 0 runs, 0 hits, 0 errors, 0 left on base; Tijuana 0 - Madison 0
TOP OF THE 4TH
Tijuana Toros batting - Pitching for Madison Brewers : LHP Gil Sanchez
Batting: RHB Carlos Gonzalez 0-0: Ball
1-0: Foul Ball, location: 2F
1-1: Ball
2-1: Swinging Strike
2-2: Strikes out swinging
Batting: RHB Guo Kwok 0-0: Foul Ball, location: 2F
0-1: Ball
1-1: Ground out 5-3 (Groundball, 56, EV 105.6 MPH)
Batting: RHB John Hanson 0-0: Ball
1-0: Ball
2-0: Called Strike
2-1: Ball
3-1: Base on Balls
Batting: RHB Felipe Rivera 0-0: Foul Ball, location: 2F
0-1: Ball
1-1: Ball
2-1: Called Strike
2-2: Strikes out swinging
Top of the 4th over - 0 runs, 0 hits, 0 errors, 1 left on base; Tijuana 0 - Madison 0
BOTTOM OF THE 4TH
Madison Brewers batting - Pitching for Tijuana Toros : LHP Adrian Huerta
Batting: RHB Malcolm McCauley 0-0: Swinging Strike
0-1: Called Strike
0-2: Foul Ball, location: 2F
0-2: Ball
1-2: Ground out 6-3 (Groundball, 56, EV 93.1 MPH)
Batting: LHB Bill Kovac 0-0: Called Strike
0-1: Ball
1-1: Ball
2-1: Foul Ball, location: 2F
2-2: Foul Ball, location: 2F
2-2: Ball
3-2: Base on Balls
Batting: RHB Frank Pena 0-0: Ball
1-0: Ball
2-0: Ball
3-0: Base on Balls
Bill Kovac to second
Batting: LHB Tony Hasbun 0-0: Ball
1-0: Called Strike
1-1: Called Strike
1-2: Strikes out swinging
Batting: RHB Xiao-shuang Au 0-0: Swinging Strike
0-1: Ball
1-1: Swinging Strike
1-2: Strikes out swinging
Bottom of the 4th over - 0 runs, 0 hits, 0 errors, 2 left on base; Tijuana 0 - Madison 0
TOP OF THE 5TH
Tijuana Toros batting - Pitching for Madison Brewers : LHP Gil Sanchez
Batting: RHB Yok-sing Zhào 0-0: Called Strike
0-1: Foul Ball, location: 2F
0-2: Ground out 4-3 (Groundball, 34, EV 106.9 MPH)
Batting: RHB Alex Diaz 0-0: Fly out, F9 (Flyball, 9S, EV 87.5 MPH)
Batting: SHB Erick Hamburger 0-0: Ball
1-0: TRIPLE (Line Drive, 78XD, EV 100.0 MPH)
Batting: RHB Mario Diaz 0-0: Ball
1-0: Swinging Strike
1-1: 2-RUN HOME RUN (Flyball, 7LD, EV 93.1 MPH), Distance : 335 ft
Batting: RHB Guillermo Puente 0-0: Ground out 3-1 (Groundball, 34, EV 95.0 MPH)
Top of the 5th over - 2 runs, 2 hits, 0 errors, 0 left on base; Tijuana 2 - Madison 0
BOTTOM OF THE 5TH
Madison Brewers batting - Pitching for Tijuana Toros : LHP Adrian Huerta
Batting: LHB Jesus Huante 0-0: Ball
1-0: Ball
2-0: Foul Ball, location: 2F
2-1: Foul Ball, location: 2F
2-2: Ball
3-2: Base on Balls
Batting: RHB Fernando Mejia 0-0: Ball
1-0: Called Strike
1-1: Ball
2-1: Ball
Jesus Huante is caught stealing 2nd base 2-4
3-1: Foul Ball, location: 2F
3-2: Ground out 5-3 (Groundball, 5, EV 81.9 MPH)
Batting: RHB Gil Sanchez 0-0: Called Strike
0-1: SOLO HOME RUN (Flyball, 7D, EV 92.5 MPH), Distance : 357 ft
Batting: LHB Andy Buschlen 0-0: Swinging Strike
0-1: Fly out, F8 (Flyball, 8RD, EV 94.4 MPH)
Bottom of the 5th over - 1 run, 1 hit, 0 errors, 0 left on base; Tijuana 2 - Madison 1
TOP OF THE 6TH
Tijuana Toros batting - Pitching for Madison Brewers : LHP Gil Sanchez
Batting: RHB Carlos Gonzalez 0-0: Ground out 4-3 (Groundball, 4, EV 81.9 MPH)
Batting: RHB Guo Kwok 0-0: Ball
1-0: Called Strike
1-1: Fly out, F9 (Line Drive, 9LM, EV 92.5 MPH)
Batting: RHB John Hanson 0-0: DOUBLE (Line Drive, 5D, EV 94.4 MPH)
Batting: RHB Felipe Rivera 0-0: Ball
1-0: Ball
2-0: Ball
3-0: Called Strike
3-1: Foul Ball, location: 2F
3-2: Ground out 5-3 (Groundball, 56S, EV 91.2 MPH)
Top of the 6th over - 0 runs, 1 hit, 0 errors, 1 left on base; Tijuana 2 - Madison 1
BOTTOM OF THE 6TH
Madison Brewers batting - Pitching for Tijuana Toros : LHP Adrian Huerta
Pitching: RHP Willie Becerra
Pinch Hitting: RHB Tristan Smeets 0-0: Ball
1-0: Ball
2-0: Foul Ball, location: 2F
2-1: Swinging Strike
2-2: Ball
3-2: SINGLE (Line Drive, 4D, EV 101.2 MPH)
Batting: LHB Bill Kovac 0-0: 2-RUN HOME RUN (Flyball, 89XD, EV 112.5 MPH), Distance : 432 ft
Batting: RHB Frank Pena 0-0: Called Strike
0-1: Foul Ball, location: 2F
0-2: Ball
1-2: Foul Ball, location: 2F
1-2: Ball
2-2: Ball
3-2: Fly out, F9 (Flyball, 9S, EV 88.1 MPH)
Batting: LHB Tony Hasbun 0-0: Ball
1-0: Ball
2-0: Ball
3-0: Base on Balls
Batting: RHB Xiao-shuang Au 0-0: Called Strike
0-1: Ball
1-1: Called Strike
1-2: Fielders Choice at 2nd, 6-4 (Groundball, 6, EV 86.2 MPH)
Batting: LHB Jesus Huante 0-0: Ball
1-0: Fielders Choice at 2nd, 6-4 (Groundball, 6, EV 87.5 MPH)
Bottom of the 6th over - 2 runs, 2 hits, 0 errors, 1 left on base; Tijuana 2 - Madison 3
TOP OF THE 7TH
Tijuana Toros batting - Pitching for Madison Brewers : LHP Gil Sanchez
Now in CF: Sammar Wambugu
Pinch Hitting: RHB Djoka Subasic 0-0: Ball
1-0: Ball
2-0: Ball
3-0: Called Strike
3-1: Foul Ball, location: 2F
3-2: Foul Ball, location: 2F
3-2: Strikes out swinging
Pinch Hitting: RHB Adam Maczko 0-0: Called Strike
0-1: Called Strike
0-2: Ball
1-2: Ball
2-2: Ball
3-2: Foul Ball, location: 2F
3-2: SINGLE (Line Drive, 34, EV 94.4 MPH)
Pitching: RHP Antonio Ballesteros
Pinch Hitting: LHB Jose Diaz 0-0: Fly out, F2 (Popup, 2RF, EV 85.6 MPH)
Pinch Hitting: LHB Pedro Garza 0-0: Called Strike
0-1: Ball
1-1: Swinging Strike
1-2: Strikes out swinging
Top of the 7th over - 0 runs, 1 hit, 0 errors, 1 left on base; Tijuana 2 - Madison 3
BOTTOM OF THE 7TH
Madison Brewers batting - Pitching for Tijuana Toros : RHP Willie Becerra
Now at 2B: Tan-ming Kwan
Now at SS: Djoka Subasic
Now in LF: Pedro Garza
Now in CF: Alex Noval
Now in RF: Guillermo Puente
Pinch Hitting: RHB Dustin Pryor 0-0: Ball
1-0: Ball
2-0: Called Strike
2-1: Foul Ball, location: 2F
2-2: Ball
3-2: Foul Ball, location: 2F
3-2: Fly out, F5 (Popup, 56S, EV 85.6 MPH)
Batting: LHB Alex Chairez 0-0: Ball
1-0: Ball
2-0: Ball
3-0: Called Strike
3-1: Called Strike
3-2: SOLO HOME RUN (Flyball, 9LD, EV 95.0 MPH), Distance : 337 ft
Pitching: RHP Chris Nightingale
Batting: LHB Andy Buschlen 0-0: Ball
1-0: Foul Ball, location: 2F
1-1: Ball
2-1: Ball
3-1: Swinging Strike
3-2: Base on Balls
Batting: SHB Sammar Wambugu 0-0: Foul Ball, location: 2F
0-1: TRIPLE (Flyball, 89XD, EV 111.2 MPH)
Andy Buschlen scores
Batting: LHB Bill Kovac 0-0: Ball
1-0: Swinging Strike
1-1: Foul Ball, location: 2F
1-2: Strikes out looking
Batting: RHB Frank Pena 0-0: Fly out, F7 (Flyball, 78M, EV 86.9 MPH)
Bottom of the 7th over - 2 runs, 2 hits, 0 errors, 1 left on base; Tijuana 2 - Madison 5
TOP OF THE 8TH
Tijuana Toros batting - Pitching for Madison Brewers : RHP Antonio Ballesteros
Now at SS: Lorenzo Diaz
Pinch Hitting: SHB Javy Franco 0-0: Swinging Strike
0-1: Ball
1-1: Bunt missed!
1-2: Ball
2-2: Strikes out swinging
Batting: RHB Carlos Gonzalez 0-0: Ball
1-0: Ball
2-0: Swinging Strike
2-1: Foul Ball, location: 2F
2-2: Ball
3-2: Foul Ball, location: 2F
3-2: Strikes out swinging
Batting: RHB Guo Kwok 0-0: SINGLE (Line Drive, 5D, EV 94.4 MPH)
Batting: RHB John Hanson 0-0: Fly out, F8 (Flyball, 8LD, EV 91.2 MPH)
Top of the 8th over - 0 runs, 1 hit, 0 errors, 1 left on base; Tijuana 2 - Madison 5
BOTTOM OF THE 8TH
Madison Brewers batting - Pitching for Tijuana Toros : RHP Chris Nightingale
Now at 2B: Javy Franco
Now in RF: Tan-ming Kwan
Batting: LHB Tony Hasbun 0-0: Ball
1-0: Called Strike
1-1: Swinging Strike
1-2: Ball
2-2: Strikes out swinging
Batting: RHB Xiao-shuang Au 0-0: Called Strike
0-1: Fly out, F8 (Flyball, 8LD, EV 105.0 MPH)
Batting: LHB Jesus Huante 0-0: Ball
1-0: Ball
2-0: Called Strike
2-1: Swinging Strike
2-2: Ball
3-2: Strikes out swinging
Bottom of the 8th over - 0 runs, 0 hits, 0 errors, 0 left on base; Tijuana 2 - Madison 5
TOP OF THE 9TH
Tijuana Toros batting - Pitching for Madison Brewers : RHP Antonio Ballesteros
Pitching: LHP Bill Dunham
Batting: RHB Felipe Rivera 0-0: Ball
1-0: Ball
2-0: Called Strike
2-1: SINGLE (Groundball, 5S, EV 74.4 MPH) (infield hit)
Batting: RHB Djoka Subasic 0-0: Called Strike
0-1: Foul Ball, location: 2F
0-2: Foul Ball, location: 2F
0-2: Fly out, F9 (Flyball, 9, EV 82.5 MPH)
Batting: SHB Alex Noval 0-0: Swinging Strike
0-1: Called Strike
0-2: Strikes out swinging
Batting: RHB Tan-ming Kwan 0-0: Called Strike
0-1: Ball
1-1: Fielders Choice at 2nd, 6-4 (Groundball, 56, EV 93.8 MPH)
Top of the 9th over - 0 runs, 1 hit, 0 errors, 1 left on base; Tijuana 2 - Madison 5
Thursday, December 15th , 2022 - OOTP Baseball 23.9 Build 102